 Dungeon Crawl Stone Soup version 0.27-a0-1312-g5cdb2b3542 (webtiles) character file.

Game seed: 9063246637205012572

9 flotson the Sneak (level 2, -1/24 HPs)
             Began as a Demonspawn Delver on June 20, 2021.
             Slain by an iguana (3 damage)
             ... on level 4 of the Dungeon.
             The game lasted 00:01:38 (202 turns).

flotson the Sneak (Demonspawn Delver)                Turns: 202, Time: 00:01:39

Health: -1/24      AC:  5    Str: 12    XL:     2   Next: 3%
Magic:  2/2        EV: 10    Int: 11    God:
Gold:   0          SH:  0    Dex: 14    Spells: 1/1 levels left

rFire    . . .     SeeInvis .   a - +0 hand axe
rCold    . . .     Faith    .   (no shield)
rNeg     . . .     Spirit   .   h - +0 ring mail
rPois    .         Reflect  .   (no helmet)
rElec    .         Harm     .   (no cloak)
rCorr    .         Rampage  .   (no gloves)
Will     .....                  (no boots)
Stlth    ++........             (no amulet)
HPRegen  0.08/turn              (no ring)
MPRegen  0.08/turn              (no ring)

@: no status effects
A: claws 1
a: no special abilities


You were on level 4 of the Dungeon.
You visited 1 branch of the dungeon, and saw 2 of its levels.

Inventory:

Hand Weapons
 a - a +0 hand axe (weapon)
Armour
 h - a +0 ring mail (worn)
Wands
 g - a wand of digging (3)
Scrolls
 c - a scroll of fog


   Skills:
 + Level 3.1 Fighting
 + Level 2.0 Axes
 + Level 0.5 Armour
 + Level 2.0 Dodging
 - Level 4.5 Stealth


You had one spell level left.
You didn't know any spells.
Your spell library was empty.

Dungeon Overview and Level Annotations

Branches:
Dungeon (5/15)
 Temple: D:4-7

Altars:


Innate Abilities, Weirdness & Mutations

You have sharp fingernails.


Message History

Found 6 stones.
There is a stone staircase leading down here.
An ogre comes into view. It is wielding a +0 giant club.
A ball python comes into view.
The ogre shouts!
Found a stone staircase leading down.
Found three items.
An iguana comes into view.
An orc comes into view. It is wielding a +0 mace.
The ball python hisses angrily.
As you read the scroll of fear, it crumbles to dust.
You assume a fearsome visage.
The ball python looks frightened!
The iguana resists with some effort.
Cornered, the ball python turns to fight!
The iguana hisses angrily.
A hobgoblin comes into view.
The iguana bites you!
Found a lumpy black potion.
Found a scythe and a scroll labelled XEREDI JIMN.
You aren't carrying any potions.
An orc priest comes into view. It is wielding a +0 mace.
Found a paperback book and a golden ring.
An orc comes into view. It is wielding a +0 club.
Found 26 arrows.
An orc comes into view. It is wielding a +0 club.
The orc shouts!
The orc priest shouts!
The iguana barely misses you.
The orc priest mumbles some strange prayers to Beogh against you.
Pain shoots through your body!
Ouch! That really hurt!
* * * LOW HITPOINT WARNING * * *
An orc comes into view. It is wielding a +0 mace.
The orc priest miscasts a cantrip.
Found a grey potion.
A giant cockroach comes into view.
The iguana hisses menacingly.
Found a chain mail.
You closely miss the giant cockroach. The giant cockroach barely misses you.
The iguana bites you.
You die...

#####.# #####O
#......##.....
#.......S.o!S.
....###.#.....
#.#.# #.#####o
#!#.###.# #.
#.#.....# #.
###########......##
#.
#.....B@lo.S...###
#( #.##..##########
.... #... #.[ #. #


You could see an iguana, an orc, a giant cockroach and a ball python.

Vanquished Creatures
  An adder (D:5)
1 creature vanquished.

Notes
Turn   | Place    | Note
-------+----------+-------------------------------------------
     0 | D:5      | flotson the Demonspawn Delver began the quest for the Orb.
     0 | D:5      | Reached XP level 1. HP: 18/18 MP: 1/1
    13 | D:5      | Noticed a sky beast
    39 | D:5      | Noticed a black bear
    39 | D:5      | Noticed an ogre
    39 | D:5      | Noticed a scorpion
    40 | D:5      | Noticed a scorpion
   101 | D:5      | Gained mutation: You have sharp fingernails. [demonic
                  | ancestry]
   101 | D:5      | Reached XP level 2. HP: 20/24 MP: 2/2
   114 | D:4      | Noticed an ogre
   184 | D:4      | HP: 1/24 [orc priest/nerve-wracking pain (14)]
   202 | D:4      | Slain by an iguana

Illustrated notes

Levels and vault maps discovered:
D:4:      layout_loops_cross, gammafunk_ghost_cemetery, uniq_duvessa
D:5:      layout_rooms, kennysheep_generic_room_15

Skill      XL: |  1 |
---------------+----+-----
Axes           | 2 |  2.0
Dodging        | 2 |  2.0
Fighting       | |  3.1
Armour         | |  0.5
Stealth        | |  4.5

Action                   || total
-------------------------++-------
Melee: Hand axe          ||    16
  Use: Scroll            ||     2
       Potion            ||     1
Armor: Ring mail         ||     9
Dodge: Dodged            ||    15

Table legend: (Time is in decaauts)
 A = Elapsed time spent in this place.
 B = Non-inter-level travel time spent in this place.
 C = Inter-level travel time spent in this place.
 D = Time resting spent in this place.
 E = Time spent auto-exploring this place.
 F = Levels seen in this place.
 G = Mean time per level.
                   A        B        C        D        E       F      G
               +--------+--------+--------+--------+--------+-----+--------+
         Total |    193 |    193 |      0 |      0 |     16 |   2 |   96.5 |
       Dungeon |    193 |    193 |      0 |      0 |     16 |   2 |   96.5 |
               +--------+--------+--------+--------+--------+-----+--------+

Top non-repeatable levels by time:
     D:5: 101 daAuts
     D:4: 91 daAuts
